 Dungeon Crawl Stone Soup version 0.26-a0-708-g17f3b190f9 (webtiles) character file.

Game seed: 6906762806756937337

10934 robertstho the Geomancer (level 11, -3/57 HPs)
             Began as a Gargoyle Earth Elementalist on Oct 28, 2020.
             Was a Believer of Sif Muna.
             Slain by a cane toad (12 damage)
             ... on level 1 of the Lair of Beasts.
             The game lasted 00:30:25 (12947 turns).

robertstho the Geomancer (GrEE)                    Turns: 12947, Time: 00:30:25

Health: -3/57      AC: 16    Str: 12    XL:     11   Next: 69%
Magic:  14/25      EV: 12    Int: 22    God:    Sif Muna [**....]
Gold:   613        SH:  0    Dex: 10    Spells: 15/30 levels left

rFire    x . .     SeeInvis .   p - +2 dagger (elec)
rCold    + + .     Faith    .   (no shield)
rNeg     + + +     Spirit   .   c - +1 robe
rPois    ∞         Reflect  .   G - +2 hat {Int+3}
rElec    +         Harm     .   k - scarf {repulsion}
rCorr    .         Rampage  .   w - +0 pair of gloves
MR       .....                  h - +1 pair of boots
Stlth    +++.......             (no amulet)
HPRegen  0.19/turn              g - ring of protection from cold
MPRegen  0.19/turn              H - ring of Bytwocsu {Ice *Contam rElec rN+++ Stlth+}

@: repel missiles
A: negative energy resistance 1, electricity resistance, unbreathing,
petrification resistance, rot immunity, AC +8
a: Channel Magic, Renounce Religion


You were on level 1 of the Lair of Beasts.
You worshipped Sif Muna.
Sif Muna was pleased with you.
You visited 2 branches of the dungeon, and saw 9 of its levels.

You collected 613 gold pieces.

Inventory:

Hand Weapons
 j - a +0 war axe of freezing
 p - a +2 dagger of electrocution (weapon)
Missiles
 s - 256 stones (quivered)
Armour
 c - a +1 robe (worn)
 h - a +1 pair of boots (worn)
 k - a scarf of repulsion (worn)
 w - a +0 pair of gloves (worn)
 G - a +2 hat of intelligence (worn)
Jewellery
 g - a ring of protection from cold (left hand)
 H - the ring of Bytwocsu (right hand) {Ice *Contam rElec rN+++ Stlth+}
   (You found it on level 1 of the Lair of Beasts)

   [ring of ice]

   It enhances your ice magic.
   It makes you vulnerable to fire.
   It protects you from cold.
   It insulates you from electricity.
   It renders you almost immune to negative energy.
   It causes magical contamination when unequipped.
   It makes you more stealthy.
Wands
 d - a wand of paralysis (7)
 o - a wand of digging (3)
 q - a wand of acid (9)
 v - a wand of flame (23)
 A - a wand of iceblast (5)
Scrolls
 b - 5 scrolls of teleportation
 n - a scroll of enchant armour
 r - a scroll of magic mapping
 x - a scroll of blinking
 B - a scroll of amnesia
 C - a scroll of enchant weapon
 E - 3 scrolls of identify
Potions
 a - a potion of cancellation {unknown}
 e - 2 potions of flight {unknown}
 i - a potion of might
 m - 3 potions of stabbing
 t - 3 potions of brilliance
 u - 2 potions of haste
 D - a potion of magic {unknown}
 F - a potion of resistance {unknown}


   Skills:
 + Level 2.2 Fighting
 + Level 0.1 Short Blades
   Level 0.3 Maces & Flails
 + Level 2.4 Dodging
 + Level 3.5 Stealth
 * Level 10.1 Spellcasting
 + Level 4.4 Conjurations
 + Level 1.5 Transmutations
 * Level 13.8 Earth Magic
 * Level 6.8 Invocations


You had 15 spell levels left.
You knew the following spells:

 Your Spells              Type           Power        Failure   Level
a - Sandblast             Erth           ######       1%          1
b - Passwall              Tmut/Erth      #####...     1%          2
c - Stone Arrow           Conj/Erth      ######       1%          3
d - Petrify               Tmut/Erth      #####...     2%          4
e - Lee's Rapid Deconstr  Erth           ######....   1%          5

Your spell library contained the following spells:

 Spells                   Type           Power        Failure   Level
 Shock                    Conj/Air       ###.         2%          1
 Leda's Liquefaction      Hex/Erth       #####.....   3%          4
 Corona                   Hex            ##.....      6%          1
 Summon Small Mammal      Summ           ##..         6%          1
 Static Discharge         Conj/Air       ###.....     8%          3
 Call Imp                 Summ           ##......     9%          2
 Slow                     Hex            ##......     9%          2
 Swiftness                Air            ##......     9%          2
 Call Canine Familiar     Summ           ##......     19%         3
 Inner Flame              Hex/Fire       ##......     19%         3
 Portal Projectile        Hex/Tloc       ##....       19%         3
 Summon Guardian Golem    Hex/Summ       ##......     19%         3
 Airstrike                Air            ##........   52%         4
 Cause Fear               Hex            ##........   52%         4
 Summon Ice Beast         Ice/Summ       ###.....     52%         4
 Summon Lightning Spire   Summ/Air       ##......     52%         4
 Lightning Bolt           Conj/Air       ###.......   56%         5


Dungeon Overview and Level Annotations

Branches:
Dungeon (8/15)             Temple (0/1) D:7            Lair (1/6) D:8

Altars:
Cheibriados
Elyvilon
Fedhas
Hepliaklqana
Makhleb
Okawaru
Ru
Sif Muna

Shops:
D:7 *

Annotations:
D:3 Duvessa


Innate Abilities, Weirdness & Mutations

You are resistant to torment.
Your stone body is resilient. (AC +8)
You are immune to poison.
You resist negative energy. (rN+)
You are resistant to electric shocks. (rElec)
You can survive without breathing.
You are immune to petrification.
You are immune to rotting.


Message History

The blink frog blinks!
The cane toad stings you but does no damage.
The blink frog blinks!
The cane toad stings you!
* * * LOW HITPOINT WARNING * * *
Casting: Lee's Rapid Deconstruction (dangerous; 1% risk of failure)
Confirm with . or Enter, or press ? or * to list all spells.
Aiming: Lee's Rapid Deconstruction (dangerous; 1% risk of failure)
Press: ? - help, Dir - move target cursor A rock wall.
The wall shatters!
The blast of rock fragments hits the cane toad!!
The cane toad is severely wounded.
The blast of rock fragments hits the cane toad!!
You kill the cane toad!
Sif Muna accepts your kill. The cane toad stings you!
* * * LOW HITPOINT WARNING * * *
You feel better. The cane toad stings you!
You die...

####..# #..## #.#
#...# #...# #.# ##..#
#..## #.# # #..# #..#
#.# # #..# ##..# #.#
### #..####...# #.##
#.###.........# ##.P#
..............###..##
#.........F....F@..#
#.†....#######.##..#
#......# ####..#
+......# #..#
#......# ##..#
.......## #####...#
.....)..####.##.#..#
...................#
.######P#..........#


You could see a cane toad and a blink frog.

Vanquished Creatures
  Gastronok (D:8)
  A two-headed ogre (D:8)
  A manticore (D:8)
  A black mamba (Lair:1)
  2 cane toads (Lair:1)
  6 blink frogs (Lair:1)
  A wyvern (D:8)
  12 yaks
  A soldier ant (D:8)
  4 water moccasins
  2 ice beasts
  4 black bears
  3 orc warriors
  2 sky beasts
  2 ogres (D:4)
  3 centaurs
  7 bullfrogs
  A wyvern zombie (D:7)
  A water moccasin zombie (D:8)
  Dowan (D:4)
  6 scorpions
  3 wights (D:6)
  6 howler monkeys
  A crimson imp (D:4)
  A centaur zombie (D:6)
  4 bullfrog zombies
  4 hounds
  A bullfrog skeleton (D:5)
  2 orc priests (D:6)
  5 jellies
  8 orc wizards
  2 centaur skeletons
  3 iguanas
  4 worker ants
  A howler monkey zombie (D:5)
  2 worker ant zombies
  Robin (D:4)
  A howler monkey skeleton (D:4)
  8 adders
  4 white imps
  3 ufetubi
  2 oozes
  An adder zombie (D:4)
  2 worms
  7 dart slugs
  8 leopard geckos
  18 orcs
  5 giant cockroaches
  10 goblins
  10 hobgoblins
  6 kobolds
  8 quokkas
  8 bats
  5 frilled lizards
  A jackal skeleton (D:6)
  2 leopard gecko zombies
  A quokka skeleton (D:5)
  A quokka zombie (D:8)
  3 rats
224 creatures vanquished.

Vanquished Creatures (others)
  44 fungi
  48 plants
  3 withered plants (D:5)
95 creatures vanquished.

Grand Total: 319 creatures vanquished

Notes
Turn   | Place    | Note
-------+----------+-------------------------------------------
     0 | D:1      | robertstho the Gargoyle Earth Elementalist began the quest
                  | for the Orb.
     0 | D:1      | Reached XP level 1. HP: 10/10 MP: 3/3
    26 | D:1      | Reached skill level 4 in Earth Magic
   179 | D:1      | Reached XP level 2. HP: 15/15 MP: 0/5
   733 | D:1      | Reached XP level 3. HP: 19/19 MP: 4/6
   772 | D:1      | You fall into a shaft and drop 1 floor!
  1549 | D:2      | Learned a level 2 spell: Passwall
  1553 | D:2      | Learned a level 3 spell: Stone Arrow
  1964 | D:3      | Reached XP level 4. HP: 24/24 MP: 3/8
  2325 | D:3      | Found a shimmering blue altar of Sif Muna.
  2327 | D:3      | Found a sacrificial altar of Ru.
  2413 | D:3      | Became a worshipper of Sif Muna the Loreminder
  2452 | D:3      | Found a snail-covered altar of Cheibriados.
  2901 | D:4      | Reached skill level 5 in Earth Magic
  2914 | D:4      | Noticed Duvessa
  2914 | D:4      | Noticed Dowan
  2914 | D:4      | Noticed an ogre
  2971 | D:4      | Reached XP level 5. HP: 28/28 MP: 1/9
  3340 | D:3      | Learned a level 4 spell: Petrify
  3375 | D:4      | Killed Dowan
  3629 | D:4      | Reached skill level 1 in Fighting
  3629 | D:4      | Reached XP level 6. HP: 35/35 MP: 8/10
  3634 | D:4      | Reached skill level 6 in Earth Magic
  3697 | D:4      | Noticed an ice beast
  3701 | D:4      | Reached skill level 1 in Invocations
  3706 | D:4      | Reached skill level 1 in Conjurations
  3729 | D:5      | Entered Level 5 of the Dungeon
  3976 | D:5      | Reached XP level 7. HP: 23/39 MP: 0/12
  4615 | D:5      | Reached skill level 7 in Earth Magic
  4807 | D:5      | Reached * piety under Sif Muna
  5502 | D:4      | Noticed Robin
  5512 | D:4      | Killed Robin
  6017 | D:4      | Reached XP level 8. HP: 26/44 MP: 4/15
  6677 | D:4      | Reached skill level 1 in Transmutations
  6746 | D:4      | Found a burning altar of Makhleb.
  7104 | D:6      | Learned a level 5 spell: Lee's Rapid Deconstruction
  7299 | D:6      | Reached skill level 5 in Spellcasting
  7299 | D:6      | Reached skill level 8 in Earth Magic
  7657 | D:6      | Reached ** piety under Sif Muna
  7951 | D:6      | Reached XP level 9. HP: 48/48 MP: 10/17
  7958 | D:6      | Reached skill level 9 in Earth Magic
  8866 | D:7      | Found a white marble altar of Elyvilon.
  8866 | D:7      | Found a hazy altar of Hepliaklqana.
  8895 | D:7      | Found a staircase to the Ecumenical Temple.
  9353 | D:7      | Reached skill level 10 in Earth Magic
  9462 | D:7      | Found an iron altar of Okawaru.
  9677 | D:7      | Found Jusef's General Store.
 10427 | D:8      | Noticed a two-headed ogre
 10687 | D:8      | Reached skill level 5 in Invocations
 10728 | D:8      | Reached XP level 10. HP: 53/53 MP: 9/21
 10741 | D:8      | Reached skill level 11 in Earth Magic
 10948 | D:8      | Found a staircase to the Lair.
 11265 | D:8      | Noticed Gastronok
 11277 | D:8      | Killed Gastronok
 11277 | D:8      | Reached skill level 12 in Earth Magic
 11394 | D:8      | Killed a two-headed ogre
 11620 | D:8      | Reached XP level 11. HP: 57/57 MP: 1/23
 11811 | D:8      | Found a blossoming altar of Fedhas.
 11926 | D:8      | Noticed a manticore
 11934 | D:8      | Killed a manticore
 11942 | D:8      | Noticed a death knight
 12315 | Lair:1   | Entered Level 1 of the Lair of Beasts
 12326 | Lair:1   | Reached skill level 13 in Earth Magic
 12327 | Lair:1   | Got a smoking lead ring
 12341 | D:8      | Identified the ring of Bytwocsu {Ice *Contam rElec rN+++
                  | Stlth+} (You found it on level 1 of the Lair of Beasts)
 12901 | Lair:1   | Reached skill level 10 in Spellcasting
 12946 | Lair:1   | HP: 1/57 [cane toad (12)]
 12947 | Lair:1   | Slain by a cane toad

Illustrated notes

Levels and vault maps discovered:
D:1:      tarquinn_simple_flora_water_a, layout_rooms, kennysheep_another_room,
          minivault_27, minmay_misc_feat_four_crosses
D:2:      layout_basic
D:3:      layout_rooms, lemuel_round_altar, kennysheep_slug_shrine,
          nicolae_ru_awakened_eye
D:4:      minmay_chambers_of_threes, layout_rooms, makhleb_grotto_becter,
          uniq_duvessa, uniq_robin
D:5:      layout_gridville, serial_undead, serial_undead_e, serial_undead_f,
          serial_undead_a, serial_undead_b, serial_undead_a
D:6:      layout_basic
D:7:      minmay_opposing_rooms, layout_layer_cave,
          gammafunk_temple_overflow_elements, okawaru_gym_becter,
          minmay_temple_entry_overgrown, serial_shops, nicolae_shop_trees,
          chequers_serial_rivers_micro_b
D:8:      minmay_the_grid_triangle_9x9_recursive_2
          [minmay_the_grid_triangle_9x9_prize_top_heavy,
          minmay_the_grid_triangle_9x9_wacky_v,
          minmay_the_grid_triangle_9x9_from_above,
          minmay_the_grid_triangle_9x9_stretched_checkered], layout_basic,
          kennysheep_mini_moat, due_lair_maze_entry_diamond,
          minmay_joined_circles, uniq_gastronok
Lair:1:   layout_chaotic_city, gammafunk_ghost_necromancy

Skill      XL: |  1  2  3  4  5  6  7  8  9 10 11 |
---------------+----------------------------------+-----
Earth Magic    | 4 5 6 7 8 10 12 13 | 13.8
Spellcasting   | 3 4 5 7 8 10 | 10.1
Fighting       | 1 2 |  2.2
Invocations    | 1 2 3 5 6 |  6.8
Dodging        | 2 |  2.4
Conjurations   | 1 2 3 4 |  4.4
Stealth        | 3 |  3.5
Transmutations | 1 |  1.5
Short Blades   | |  0.1
Maces & Flails | |  0.3

Action                   |  1- 3 |  4- 6 |  7- 9 | 10-12 || total
-------------------------+-------+-------+-------+-------++-------
Melee: Whip              |    69 |       |       |       ||    69
       Dagger            |    14 |    97 |    60 |    34 ||   205
 Cast: Sandblast         |    35 |    42 |    27 |    10 ||   114
       Stone Arrow       |     3 |    24 |   106 |    41 ||   174
       Petrify           |       |       |     3 |    10 ||    13
       Lee's Rapid Decon |       |       |    37 |    53 ||    90
Invok: Channel Magic     |       |       |     3 |    10 ||    13
Evoke: Wand              |       |       |     4 |       ||     4
  Use: Scroll            |     5 |     2 |     8 |     2 ||    17
       Potion            |       |       |     1 |     2 ||     3
 Stab: Sleeping          |     2 |     1 |       |       ||     3
Armor: Robe              |    34 |    65 |    58 |    45 ||   202
Dodge: Dodged            |    60 |    81 |    92 |    36 ||   269
       Repelled          |       |     2 |     1 |       ||     3

Table legend: (Time is in decaauts)
 A = Elapsed time spent in this place.
 B = Non-inter-level travel time spent in this place.
 C = Inter-level travel time spent in this place.
 D = Time resting spent in this place.
 E = Time spent auto-exploring this place.
 F = Levels seen in this place.
 G = Mean time per level.
                   A        B        C        D        E       F      G
               +--------+--------+--------+--------+--------+-----+--------+
         Total |  12967 |  12414 |    553 |   4723 |   5855 |   9 | 1440.8 |
       Dungeon |  12451 |  11898 |    553 |   4552 |   5645 |   8 | 1556.4 |
          Lair |    516 |    516 |      0 |    171 |    210 |   1 |  516.0 |
               +--------+--------+--------+--------+--------+-----+--------+

Top non-repeatable levels by time:
     D:5: 2440 daAuts
     D:3: 1903 daAuts
     D:7: 1841 daAuts
     D:8: 1769 daAuts
     D:6: 1322 daAuts
     D:4: 1273 daAuts
     D:2: 1124 daAuts
     D:1: 774 daAuts
  Lair:1: 516 daAuts
